 Dungeon Crawl Stone Soup version 0.25.1-2-g60ff931df9 (webtiles) character file.

Game seed: 4550774349437329242

1161 Martska the Fighter (level 8, -3/88 HPs)
             Began as an Ogre Hunter on Oct 16, 2020.
             Was a Follower of Trog.
             Killed by nerve-wracking pain
             ... invoked by Grinder
              (10 damage)
             ... on level 6 of the Dungeon.
             The game lasted 00:06:41 (7907 turns).

Martska the Fighter (Ogre Hunter)                   Turns: 7907, Time: 00:06:42

Health: -3/88      AC:  3    Str: 19    XL:     8   Next: 39%
Magic:  8/8        EV: 10    Int: 12    God:    Trog [*.....]
Gold:   290        SH:  0    Dex:  9    Spells: 7/7 levels left

rFire    . . .     SeeInvis .   y - +0 giant spiked club
rCold    . . .     Gourm    .   (shield currently unavailable)
rNeg     . . .     Faith    .   b - +0 robe
rPois    .         Spirit   .   (helmet restricted)
rElec    .         Reflect  .   (no cloak)
rCorr    .         Harm     .   (gloves unavailable)
MR       .....                  (boots unavailable)
Stlth    +.........             (no amulet)
HPRegen  0.24/turn              (no ring)
MPRegen  0.11/turn              (no ring)

@: lethally poisoned (-3 -> -23)
A: large, unfitting armour, tough skin 1
a: Berserk, Renounce Religion


You were on level 6 of the Dungeon.
You worshipped Trog.
Trog was aware of your devotion.
You were not hungry.

You visited 1 branch of the dungeon, and saw 6 of its levels.

You collected 290 gold pieces.

Inventory:

Hand Weapons
 a - a +0 short sword
 g - a +0 mace
 r - a +0 great mace
 y - a +0 giant spiked club (weapon)
Missiles
 u - 2 large rocks (quivered)
Armour
 b - a +0 robe (worn)
Jewellery
 x - an uncursed ring of see invisible {unknown}
Wands
 q - a wand of random effects (9)
Scrolls
 c - a scroll of noise {unknown}
 d - a scroll of fear {unknown}
 e - 12 scrolls of identify {unknown}
 l - 2 scrolls of magic mapping {unknown}
 m - 5 scrolls of remove curse {unknown}
 p - a scroll of random uselessness {unknown}
 w - a scroll of amnesia {unknown}
Potions
 h - 2 potions of berserk rage {unknown}
 i - 3 potions of flight {unknown}
 j - a potion of haste {unknown}
 k - a potion of cancellation {unknown}
 n - a potion of mutation {unknown}
 o - a potion of brilliance {unknown}
 s - 2 potions of resistance {unknown}
 t - 2 potions of heal wounds {unknown}
 v - 2 potions of degeneration {unknown}
 z - 2 potions of curing {unknown}
Comestibles
 f - 10 rations
 A - a chunk of flesh


   Skills:
 * Level 8.2 Fighting
 * Level 5.3 Maces & Flails
 + Level 6.1 Throwing
 - Level 2.0 Dodging
 - Level 0.6 Stealth


You had 7 spell levels left.
You didn't know any spells.
Your spell library was empty.

Dungeon Overview and Level Annotations

Branches:
Dungeon (6/15)
 Temple: D:4-7

Altars:
Cheibriados
Nemelex Xobeh
Ru
Trog
Yredelemnul

Annotations:
D:6 Grinder


Innate Abilities, Weirdness & Mutations

You are too large for most types of armour.
You have tough skin. (AC +1)


Message History

* * * LOW HITPOINT WARNING * * *
You are lethally poisoned!
The water moccasin poisons you!
Throwing (i - inventory)
u - 3 large rocks (quivered)
Press: ? - help, Shift-Dir - straight line, f/p - water moccasin
Aim: a water moccasin (almost dead)
You throw a large rock.
The large rock barely misses the water moccasin.
* * * LOW HITPOINT WARNING * * *
You feel very sick. The howler monkey hits you.
* * * LOW HITPOINT WARNING * * *
The water moccasin bites you but does no damage.
The ice beast closely misses you.
The howler monkey hoots and howls with incredible vigour!
The water moccasin bites you.
* * * LOW HITPOINT WARNING * * *
Grinder gestures at you. Pain shoots through your body!
You die...

###########
......<...
.........# ##
.?...5...# .
.....[.h?# .#
(.....S@Y###.#.##
.................
...........#.#.#
##########.#.#
#.#.# #...# ##..#
##..# #.... #..#
.... #.#.##+#
#..# ...


You could see Grinder, a water moccasin, an ice beast and a howler monkey
(catching breath).

Vanquished Creatures
  An ice beast (D:5)
  2 ogres
  An orc warrior (D:5)
  A black bear (D:6)
  2 centaurs (D:5)
  2 scorpions
  A howler monkey (D:5)
  A crimson imp (D:5)
  2 orc wizards
  An orc priest (D:5)
  A bullfrog skeleton (D:6)
  Terence (D:3)
  2 worker ants
  A worker ant zombie (D:5)
  8 adders
  4 oozes
  2 adder skeletons (D:4)
  4 worms
  3 dart slugs
  5 leopard geckos
  11 orcs
  4 bats
  6 giant cockroaches
  6 hobgoblins
  2 jackals (D:2)
  7 kobolds
  2 quokkas
  A ball python (D:4)
  6 frilled lizards
  8 goblins
  A quokka skeleton (D:4)
  6 rats
105 creatures vanquished.

Notes
Turn   | Place    | Note
-------+----------+-------------------------------------------
     0 | D:1      | Martska the Ogre Hunter began the quest for the Orb.
     0 | D:1      | Reached XP level 1. HP: 22/22 MP: 1/1
   307 | D:1      | Reached skill level 3 in Fighting
   307 | D:1      | Reached XP level 2. HP: 31/31 MP: 2/2
   626 | D:1      | Reached skill level 1 in Maces & Flails
   628 | D:1      | Reached XP level 3. HP: 32/37 MP: 3/3
  1443 | D:2      | Reached XP level 4. HP: 44/48 MP: 4/4
  1497 | D:2      | Found a sparkling altar of Nemelex Xobeh.
  1954 | D:2      | Found a bloodstained altar of Trog.
  1967 | D:2      | Became a worshipper of Trog the Wrathful
  2015 | D:2      | Found a snail-covered altar of Cheibriados.
  2333 | D:2      | Reached skill level 4 in Fighting
  3094 | D:3      | Noticed Terence
  3115 | D:3      | Killed Terence
  3115 | D:3      | Reached XP level 5. HP: 19/55 MP: 5/5
  4127 | D:4      | Reached skill level 5 in Fighting
  4127 | D:4      | Reached skill level 5 in Throwing
  4127 | D:4      | Reached XP level 6. HP: 26/66 MP: 6/6
  4460 | D:4      | You fall into a shaft and drop 1 floor!
  4460 | D:5      | Entered Level 5 of the Dungeon
  4461 | D:5      | Noticed an orc warrior
  4466 | D:5      | Killed an orc warrior
  4774 | D:4      | Reached * piety under Trog
  5071 | D:4      | Reached skill level 6 in Fighting
  5071 | D:4      | Reached XP level 7. HP: 75/75 MP: 7/7
  5155 | D:4      | Found a basalt altar of Yredelemnul.
  5996 | D:5      | Reached skill level 7 in Fighting
  6591 | D:5      | Found a sacrificial altar of Ru.
  6607 | D:5      | HP: 2/78 [crimson imp (2)]
  6942 | D:5      | Reached XP level 8. HP: 87/87 MP: 8/8
  7419 | D:5      | Reached skill level 5 in Maces & Flails
  7560 | D:5      | Reached skill level 8 in Fighting
  7898 | D:6      | Noticed Grinder
  7907 | D:6      | Killed from afar by Grinder

Illustrated notes

Levels and vault maps discovered:
D:1:      scummos_arrival_checkerplants, layout_loops_corners
D:2:      layout_basic, kennysheep_slug_shrine,
          nemelex_xobeh_ov_fountains_minmay, lemuel_coloured_pillars_altar
D:3:      layout_basic, ebering_dispersal_statue_hall, uniq_terence
D:4:      layout_layer_cave, kennysheep_mini, first_ration
D:5:      layout_basic, lemuel_crystal_altar
D:6:      layout_basic, lemuel_crystal_altar, uniq_grinder, uniq_pikel,
          uniq_edmund

Skill      XL: |  1  2  3  4  5  6  7  8 |
---------------+-------------------------+-----
Dodging        | 2 |  2.0
Fighting       | 3 4 5 6 7 8 |  8.2
Maces & Flails | 1 2 3 4 5 |  5.3
Throwing       | 5 6 |  6.1
Stealth        | |  0.6

Action                   |  1- 3 |  4- 6 |  7- 9 || total
-------------------------+-------+-------+-------++-------
Melee: Mace              |    95 |    50 |       ||   145
       Short sword       |     5 |       |       ||     5
       Great mace        |       |   130 |       ||   130
       Giant spiked club |       |       |    39 ||    39
       Giant club        |       |       |    13 ||    13
Throw: Large rock        |     1 |    13 |    12 ||    26
       Throwing net      |       |       |     2 ||     2
Invok: Berserk           |       |     1 |       ||     1
 Stab: Sleeping          |     2 |     1 |     1 ||     4
  Eat: Chunk             |     2 |    12 |     6 ||    20
       Ration            |       |       |     1 ||     1
Armor: Robe              |    31 |    42 |    20 ||    93
Dodge: Dodged            |    62 |   155 |    44 ||   261
